AoeStats
← Clown

Coastal Forest

503523830Analyzed
4v4 RM · 1mo ago on Sep 1, 2026· 30m 28s· 8 players
Game mode
Random Map
Map size
Large (8 player)
Population
200
Speed
Normal
Resources
Standard
Victory
Conquest
Starting age
Dark Age
Ending age
Imperial Age
RankedLock teamsTeams togetherTeam positionsShared explorationLock speedFull tech treeHidden civsTurbo modeCheats
Victory
Defeat
🇮🇳 Bulgarians · India
1966
+6
🇮🇳 Persians · India
1909
+8
🇺🇸 Huns · United States
1872
+9
🇮🇳 Romans · India
1866
+10
🇵🇪 Vietnamese · Peru
1805
-12
🇧🇷 Portuguese · Brazil
1762
-10
🇨🇳 Maya · China
1700
-8
🇨🇱 Tupi · Chile
1624
-5
APZz_
10:48 Feudal Age
14:20 Castle Age
12:28 Fishing Lines
13:01 Double-Bit Axe
13:37 Fletching
15:11 Medium Warships
15:39 Bodkin Arrow
16:15 Bow Saw
20:04 Ballistics
21:56 Horse Collar
24:19 Careening
23:58 Loom
26:11 Clinker Construction
29:47 Wheelbarrow
33:13 Imperial Age
Ancalagon14
0:36 Loom
24:55 Feudal Age
25:55 Double-Bit Axe
32:52 Castle Age
noru
8:01 Loom
10:09 Feudal Age
10:35 Double-Bit Axe
15:45 Forging
15:55 Horse Collar
18:34 Scale Barding Armor
20:16 Wheelbarrow
19:28 Fishing Lines
22:43 Castle Age
21:16 Bloodlines
23:46 Bow Saw
23:35 Gillnets
23:59 Husbandry
24:10 Stone Mining
24:41 Heavy Plow
26:18 Chain Barding Armor
27:37 Hand Cart
27:50 Gold Mining
29:52 Stone Shaft Mining
Clown
0:30 Loom
9:54 Feudal Age
14:47 Double-Bit Axe
14:54 Fletching
19:08 Padded Archer Armor
26:44 Castle Age
25:27 Gold Mining
26:51 Crossbowman
27:28 Bodkin Arrow
28:13 Thumb Ring
29:38 Ballistics
link_chaos
11:48 Feudal Age
10:11 Loom
12:45 Feudal Age
13:13 Fishing Lines
13:20 Double-Bit Axe
16:19 Castle Age
14:55 Fletching
15:59 Gold Mining
17:13 Medium Warships
17:16 Bodkin Arrow
18:03 Bow Saw
18:45 Gillnets
21:20 Ballistics
21:20 Careening
26:19 Imperial Age
25:23 Wheelbarrow
27:42 Heavy Warships
29:07 Chemistry
30:40 Siege Engineers
Laming Yamal
9:48 Feudal Age
10:10 Double-Bit Axe
11:14 Fishing Lines
13:14 Loom
16:17 Wheelbarrow
16:02 Scale Barding Armor
16:56 Bloodlines
17:36 Forging
23:02 Castle Age
21:20 Gold Mining
21:10 Horse Collar
23:49 Chain Barding Armor
23:45 Bow Saw
25:31 Gillnets
26:54 Iron Casting
26:43 Hand Cart
29:49 Husbandry
Legion64
6:30 Loom
9:09 Feudal Age
9:46 Double-Bit Axe
11:56 Scale Mail Armor
12:07 Forging
12:34 Arson
14:28 Horse Collar
18:43 Wheelbarrow
24:49 Castle Age
22:51 Gold Mining
25:34 Squires
25:19 Gambesons
25:51 Chain Mail Armor
26:08 Bow Saw
27:03 Heavy Plow
29:54 Hand Cart
30:42 Iron Casting
E@GLE
2:20 Loom
16:34 Feudal Age
22:19 Castle Age
20:30 Double-Bit Axe
20:52 Horse Collar
21:29 Gold Mining
23:19 Bow Saw
23:54 Wheelbarrow
23:46 Heavy Plow
25:33 Scale Barding Armor
28:12 Chain Barding Armor
29:27 Forging
30:01 Stone Mining
31:15 Hand Cart
Connection lost

Rejoining the realm…

Still unreachable

The connection could not be restored.

Session expired

The server has moved on; the page needs a fresh start.